 Dungeon Sprint DCSS version 0.29-a0-284-gf9362112df (webtiles) character file.

Game seed: 14777652340470800996

1645 mhtbhm the Spear-Bearer (level 8, -1/83 HPs)
             Began as a Red Draconian Berserker on Mar 27, 2022.
             Was a High Priest of Trog.
             Slain by Erolcha
             ... wielding a +0 giant club
              (33 damage)
             ... in the Dungeon (Sprint III: "The Ten Rune Challenge").
             The game lasted 00:02:15 (880 turns).

mhtbhm the Spear-Bearer (Red Draconian Berserker)    Turns: 880, Time: 00:02:16

Health: -1/83      AC:  6    Str: 23    XL:     8   Next: 67%
Magic:  8/8        EV: 15    Int:  5    God:    Trog [*****.]
Gold:   44         SH:  0    Dex: 10    Spells: 7/7 levels left

rFire   + . .      SeeInvis .   a - +0 spear
rCold   . . .      Faith    .   (no shield)
rNeg    . . .      Spirit   .   (body armour unavailable)
rPois   +          Reflect  .   (helmet restricted)
rElec   .          Harm     .   (no cloak)
rCorr   .          Rampage  .   (no gloves)
Will    .....      NoTele   +   (no boots)
Stlth   ++........              (no amulet)
HPRegen 0.23/turn               (no ring)
MPRegen 0.11/turn               (no ring)

@: short of breath, on berserk cooldown
A: breathe fire, AC +6, unfitting armour, fire resistance 1, cold-blooded, horns
1, dopey 1, poison resistance
a: Breathe Fire, Renounce Religion, Berserk, Trog's Hand, Brothers in Arms


You were in the Dungeon.
You worshipped Trog.
Trog was extremely pleased with you.
You visited 1 branch You collected 44 gold pieces.

Inventory:

Hand Weapons
 a - a +0 spear (weapon)
Scrolls
 g - a scroll of blinking
 h - a scroll of immolation {unknown}
 i - 3 scrolls of identify
 l - a scroll of holy word {unknown}
Potions
 b - a potion of curing
 d - a potion of haste
 e - 2 potions of magic
 f - a potion of berserk rage
 j - a potion of attraction {unknown}
 k - 2 potions of might
 m - a potion of ambrosia {unknown}
 n - 3 potions of mutation
Miscellaneous
 o - a piece from Xom's chessboard (15/15)


   Skills:
 + Level 12.2 Fighting
 + Level 12.9 Polearms
 + Level 9.3 Dodging
 + Level 3.8 Stealth


You had 7 spell levels left.
You didn't know any spells.
Your spell library was empty.

Dungeon Overview and Level Annotations

Branches:
Dungeon (1/1)

Altars:
Cheibriados
Dithmenos
Elyvilon
Fedhas
Gozag
Hepliaklqana
Kikubaaqudgha
Makhleb
Nemelex Xobeh
Okawaru
Qazlal
Ru
Sif Muna
Trog
Uskayaw
Vehumet
Wu Jian
Xom
Yredelemnul
Zin
The Shining One
Beogh
Jiyva
Lugonu

Annotations:
D Erolcha


Innate Abilities, Weirdness & Mutations

You can breathe blasts of fire.
Your fiery red scales are hard. (AC +6)
You cannot fit into any form of body armour.
Your flesh is heat resistant. (rF+)
You are cold-blooded and may be slowed by cold attacks.
You have a pair of small horns on your head.
You are dopey. (Int -2)
Your system is resistant to poisons. (rPois)


Message History

You breathe a blast of fire.
The fiery breath hits the two-headed ogre!
The two-headed ogre is lightly wounded.
The two-headed ogre is engulfed in blazing flames.
Unknown command.
You're still recovering from your berserk rage.
You reach to attack!
You barely miss the two-headed ogre.
The two-headed ogre is moderately wounded.
Something you can't see is in the way.
You closely miss something. Your headbutt misses something.
Your tail-slap misses something.
Something hits you!!
You reach to attack!
You hit the two-headed ogre.
The two-headed ogre is moderately wounded.
Something you can't see is in the way.
You closely miss something. You headbutt something.
You reach to attack!
You hit the two-headed ogre.
The two-headed ogre is moderately wounded.
Something hits you!
You are too injured to fight recklessly!
You are too injured to fight recklessly!
You are too injured to fight recklessly!
You are too injured to fight recklessly!
You are too injured to fight recklessly!
You are too injured to fight recklessly!
You feel much better.
You're still recovering from your berserk rage.
You barely miss something. Something hits you!
Okay, then.
You closely miss something. You hit something. Your headbutt misses something.
You tail-slap something. You closely miss something. You headbutt something.
Your tail-slap misses something.
Something hits you!!!
Ouch! That really hurt!
* * * LOW HITPOINT WARNING * * *
Unknown command.
You feel much better.
Unknown command.
You hit something but do no damage. Your headbutt misses something.
Something hits you!!
You die...

__# ._# )## ..#
..# #'#
..#+##############
..#....#.#.#.....#
..##.#..#.##.###@#
..'##.#.#.##)#..##
..#.).#..#..##..
▓▓▓▓▓▓▓▓▓▓▓▓▓▓▓▓


There were no monsters in sight!

Vanquished Creatures
  A deep elf pyromancer (D)
  A shadow (D)
  A spatial vortex (D)
  3 two-headed ogres (D)
  A water elemental (D)
  A necrophage (D)
  A jelly (D)
  A wizard (D)
  A necromancer (D)
  3 humans (D)
  A kobold demonologist (D)
  A phantom (D)
  2 endoplasms (D)
  2 rats (D)
20 creatures vanquished.

Notes
Turn   | Place    | Note
-------+----------+-------------------------------------------
     0 | D        | mhtbhm the Draconian Berserker began the quest for the Orb.
     0 | D        | Reached XP level 1. HP: 19/19 MP: 1/1
    26 | D        | Reached ** piety under Trog
    62 | D        | Reached XP level 2. HP: 21/28 MP: 2/2
    65 | D        | Reached skill level 5 in Fighting
   130 | D        | Gained mutation: Your system is resistant to poisons.
                  | (rPois) [potion of mutation]
   130 | D        | Gained mutation: You are dopey. (Int -2) [potion of
                  | mutation]
   130 | D        | Gained mutation: You have a pair of small horns on your
                  | head. [potion of mutation]
   212 | D        | Noticed a water elemental
   219 | D        | Killed a water elemental
   219 | D        | Reached *** piety under Trog
   220 | D        | Reached XP level 3. HP: 38/38 MP: 3/3
   220 | D        | Reached XP level 4. HP: 45/45 MP: 4/4
   296 | D        | Found a basalt altar of Yredelemnul.
   296 | D        | Found a shadowy altar of Dithmenos.
   296 | D        | Found a sacrificial altar of Ru.
   296 | D        | Noticed a necrophage
   300 | D        | Killed a necrophage
   301 | D        | Reached skill level 5 in Dodging
   301 | D        | Reached skill level 1 in Stealth
   301 | D        | Reached XP level 5. HP: 52/52 MP: 5/5
   385 | D        | Found a radiant altar of Vehumet.
   385 | D        | Found a shimmering blue altar of Sif Muna.
   385 | D        | Found an ancient bone altar of Kikubaaqudgha.
   387 | D        | Reached **** piety under Trog
   389 | D        | Noticed a chaos spawn
   399 | D        | Noticed an ice devil
   454 | D        | Found a glowing silver altar of Zin.
   454 | D        | Found a glowing golden altar of the Shining One.
   454 | D        | Found a white marble altar of Elyvilon.
   455 | D        | Noticed a deep elf pyromancer
   461 | D        | Killed a deep elf pyromancer
   462 | D        | Reached skill level 10 in Fighting
   462 | D        | Reached skill level 10 in Polearms
   462 | D        | Reached XP level 6. HP: 67/67 MP: 6/6
   462 | D        | Your scales start taking on a fiery red colour.
   462 | D        | Reached XP level 7. HP: 73/73 MP: 7/7
   462 | D        | Gained mutation: Your flesh is heat resistant. (rF+) [Red
                  | Draconian growth]
   509 | D        | Found a hide-covered altar of Uskayaw.
   509 | D        | Found an iron altar of Okawaru.
   509 | D        | Found a bloodstained altar of Trog.
   509 | D        | Found an ornate altar of the Wu Jian Council.
   509 | D        | Noticed a human
   509 | D        | Noticed a human
   513 | D        | Killed a human
   524 | D        | Killed a human
   524 | D        | Reached ***** piety under Trog
   602 | D        | Noticed a shadow
   618 | D        | Killed a shadow
   619 | D        | Reached XP level 8. HP: 58/82 MP: 8/8
   725 | D        | Found a blossoming altar of Fedhas.
   725 | D        | Found a stormy altar of Qazlal.
   725 | D        | Found a snail-covered altar of Cheibriados.
   725 | D        | Found a burning altar of Makhleb.
   725 | D        | Found a shimmering altar of Xom.
   726 | D        | Found a hazy altar of Hepliaklqana.
   726 | D        | Found an opulent altar of Gozag.
   726 | D        | Found a sparkling altar of Nemelex Xobeh.
   726 | D        | Found a corrupted altar of Lugonu.
   726 | D        | Found a viscous altar of Jiyva.
   818 | D        | Noticed a two-headed ogre
   826 | D        | Killed a two-headed ogre
   866 | D        | Noticed Erolcha
   867 | D        | Noticed a two-headed ogre
   880 | D        | Slain by Erolcha

Illustrated notes

Levels and vault maps discovered:
D:        dungeon_sprint_mu [sprint_mu_entry_cave, sprint_mu_temple_rooms,
          sprint_mu_d1_spiders, sprint_mu_d2_genie, sprint_mu_d3_branching,
          sprint_mu_orc_legion, sprint_mu_elf_gauntlet, sprint_mu_hive_nellie,
          sprint_mu_lair_fedhas, sprint_mu_vaults_butterflies,
          sprint_mu_slime_circle, sprint_mu_swamp_cave, sprint_mu_shoals_archi,
          sprint_mu_blade_basic, sprint_mu_crypt_fortress,
          sprint_mu_tomb_spiral, sprint_mu_vestibule_basic,
          sprint_mu_gehenna_hellfire, sprint_mu_dis_giant,
          sprint_mu_tartarus_statrot, sprint_mu_cocytus_islands, sprint_mu_zot1]

Skill      XL: |  1  2  3  4  5  6  7  8 |
---------------+-------------------------+-----
Dodging        | 3 4 5 8 9 |  9.3
Fighting       | 4 6 7 10 11 12 | 12.2
Polearms       | 4 6 10 11 12 | 12.9
Stealth        | 1 2 3 |  3.8

Action                   |  1- 3 |  4- 6 |  7- 9 || total
-------------------------+-------+-------+-------++-------
Melee: Spear             |    31 |    28 |    72 ||   131
       Tailslap          |     2 |     1 |    14 ||    17
       Headbutt          |     1 |     2 |    15 ||    18
Invok: Berserk           |     2 |     3 |     3 ||     8
 Abil: Breathe Fire      |       |       |     3 ||     3
  Use: Potion            |     1 |       |     2 ||     3
 Stab: Sleeping          |     1 |     1 |     1 ||     3
Armor: Skin              |       |       |     3 ||     3
Dodge: Dodged            |    16 |     5 |     7 ||    28

Table legend: (Time is in decaauts)
 A = Elapsed time spent in this place.
 B = Non-inter-level travel time spent in this place.
 C = Inter-level travel time spent in this place.
 D = Time resting spent in this place.
 E = Time spent auto-exploring this place.
 F = Levels seen in this place.
 G = Mean time per level.
                   A        B        C        D        E       F      G
               +--------+--------+--------+--------+--------+-----+--------+
         Total |    908 |    908 |      0 |    644 |     28 |   1 |  908.0 |
       Dungeon |    908 |    908 |      0 |    644 |     28 |   1 |  908.0 |
               +--------+--------+--------+--------+--------+-----+--------+

Top non-repeatable levels by time:
       D: 908 daAuts
